PUBA
KANATA CUBS @ TRUCKEE SCRAPPYS
06/29/1972
 
TOP OF THE 1ST
Kanata Cubs batting - Pitching for Truckee Scrappys : RHP Allan O'Hogan
Pitching: RHP Allan O'Hogan
Batting: SHB Bill North 0-0: Ball
1-0: Called Strike
1-1: Fly out, F5 (Popup, 5SF, EV 83.8 MPH)
Batting: LHB Tom Wright 0-0: Bunted foul
0-1: Ball
1-1: Fly out, F8 (Flyball, 8LM, EV 85.0 MPH)
Batting: RHB Michael Walls 0-0: Called Strike
0-1: Ball
1-1: Called Strike
1-2: Ball
2-2: Strikes out swinging
Top of the 1st over - 0 runs, 0 hits, 0 errors, 0 left on base; Kanata 0 - Truckee 0
BOTTOM OF THE 1ST
Truckee Scrappys batting - Pitching for Kanata Cubs : LHP Hubert Cox
Pitching: LHP Hubert Cox
Batting: RHB Xavier Hiatt 0-0: Ball
1-0: Foul Ball, location: 3DF
1-1: Foul Ball, location: 2F
1-2: Strikes out swinging
Batting: LHB Vincente Rodríguez 0-0: Called Strike
0-1: Called Strike
0-2: Ball
1-2: Ball
2-2: Strikes out swinging
Batting: LHB Bryant Stanford 0-0: Swinging Strike
0-1: Called Strike
0-2: Strikes out swinging
Bottom of the 1st over - 0 runs, 0 hits, 0 errors, 0 left on base; Kanata 0 - Truckee 0
TOP OF THE 2ND
Kanata Cubs batting - Pitching for Truckee Scrappys : RHP Allan O'Hogan
Batting: RHB Ray Cooper 0-0: Called Strike
0-1: SINGLE (Groundball, 6S, EV 90.6 MPH)
Batting: LHB Ron Hodges 0-0: Foul Ball, location: 7LSF
0-1: Foul Ball, location: 7LMF
0-2: Fly out, F7 (Flyball, 78M, EV 98.1 MPH)
Batting: RHB John Morris 0-0: Ball
Ray Cooper is caught stealing 2nd base 2-4
1-0: Ball
2-0: Foul Ball, location: 9LDF
2-1: Ball
3-1: Base on Balls
Batting: SHB Todd Badger 0-0: Called Strike
0-1: Ball
1-1: Swinging Strike
1-2: Foul Ball, location: 2F
1-2: Ball
2-2: Strikes out swinging
Top of the 2nd over - 0 runs, 1 hit, 0 errors, 1 left on base; Kanata 0 - Truckee 0
BOTTOM OF THE 2ND
Truckee Scrappys batting - Pitching for Kanata Cubs : LHP Hubert Cox
Batting: RHB Lee Sharp 0-0: Foul Ball, location: 9LSF
0-1: Called Strike
0-2: Strikes out swinging
Batting: SHB António Fernández 0-0: Called Strike
0-1: Ball
1-1: DOUBLE (Line Drive, 78M, EV 106.3 MPH)
Batting: RHB Pete Moore 0-0: Ball
1-0: Foul Ball, location: 5F
1-1: Ball
2-1: Ball
3-1: Called Strike
3-2: Strikes out looking
Batting: SHB Theron Jones 0-0: Called Strike
0-1: Foul Ball, location: 2F
0-2: Ball
1-2: Strikes out swinging
Bottom of the 2nd over - 0 runs, 1 hit, 0 errors, 1 left on base; Kanata 0 - Truckee 0
TOP OF THE 3RD
Kanata Cubs batting - Pitching for Truckee Scrappys : RHP Allan O'Hogan
Batting: RHB Lee Todd 0-0: Fly out, F9 (Flyball, 9, EV 92.5 MPH)
Batting: RHB Robert Curry 0-0: Ball
1-0: Called Strike
1-1: Called Strike
1-2: Foul Ball, location: 3F
1-2: Ball
2-2: Ground out 5-3 (Groundball, 56, EV 78.1 MPH)
Batting: SHB Bill North 0-0: Ball
1-0: Ball
2-0: Ball
3-0: Base on Balls
Batting: LHB Tom Wright 0-0: Called Strike
0-1: Fly out, F9 (Flyball, 9D, EV 103.8 MPH)
Top of the 3rd over - 0 runs, 0 hits, 0 errors, 1 left on base; Kanata 0 - Truckee 0
BOTTOM OF THE 3RD
Truckee Scrappys batting - Pitching for Kanata Cubs : LHP Hubert Cox
Batting: RHB Tom Wade 0-0: Swinging Strike
0-1: Swinging Strike
0-2: Strikes out swinging
Batting: RHB Ronald Brown 0-0: DOUBLE (Line Drive, 9LM, EV 108.1 MPH)
Batting: RHB Xavier Hiatt 0-0: Ball
1-0: Ground out 5-3 (Groundball, 56, EV 81.9 MPH)
Ronald Brown to third
Batting: LHB Vincente Rodríguez 0-0: Called Strike
0-1: Called Strike
0-2: Foul Ball, location: 5F
0-2: Ball
1-2: Ground out 5-3 (Groundball, 56, EV 86.9 MPH)
Bottom of the 3rd over - 0 runs, 1 hit, 0 errors, 1 left on base; Kanata 0 - Truckee 0
TOP OF THE 4TH
Kanata Cubs batting - Pitching for Truckee Scrappys : RHP Allan O'Hogan
Batting: RHB Michael Walls 0-0: Ground out 6-3 (Groundball, 6, EV 89.4 MPH)
Batting: RHB Ray Cooper 0-0: Foul Ball, location: 5SF
0-1: Foul Ball, location: 2F
0-2: Ball
1-2: SINGLE (Line Drive, 89S, EV 104.4 MPH)
Batting: LHB Ron Hodges 0-0: Called Strike
Ray Cooper steals 2nd base
0-1: Ball
1-1: Swinging Strike
1-2: Foul Ball, location: 2F
1-2: Ground out 6-3 (Groundball, 56, EV 83.1 MPH)
Batting: RHB John Morris 0-0: Called Strike
0-1: Ball
1-1: Swinging Strike
1-2: Ground out U3 (Groundball, 3L, EV 88.1 MPH)
Top of the 4th over - 0 runs, 1 hit, 0 errors, 1 left on base; Kanata 0 - Truckee 0
BOTTOM OF THE 4TH
Truckee Scrappys batting - Pitching for Kanata Cubs : LHP Hubert Cox
Batting: LHB Bryant Stanford 0-0: Ball
1-0: Ball
2-0: Foul Ball, location: 7LMF
2-1: SOLO HOME RUN (Flyball, 89XD, EV 98.8 MPH), Distance : 378 ft
Batting: RHB Lee Sharp 0-0: Ball
1-0: Swinging Strike
1-1: Called Strike
1-2: Strikes out swinging
Batting: SHB António Fernández 0-0: DOUBLE (Flyball, 8RXD, EV 110.6 MPH)
Batting: RHB Pete Moore 0-0: Ball
1-0: Ball
2-0: Called Strike
2-1: Fly out, F8 (Flyball, 8LD, EV 94.4 MPH)
Batting: SHB Theron Jones 0-0: Foul Ball, location: 3FF
0-1: Ball
1-1: Ball
2-1: Swinging Strike
2-2: Strikes out swinging
Bottom of the 4th over - 1 run, 2 hits, 0 errors, 1 left on base; Kanata 0 - Truckee 1
TOP OF THE 5TH
Kanata Cubs batting - Pitching for Truckee Scrappys : RHP Allan O'Hogan
Batting: SHB Todd Badger 0-0: Ground out 4-3 (Groundball, 4, EV 105.6 MPH)
Batting: RHB Lee Todd 0-0: Ball
1-0: Ball
2-0: Swinging Strike
2-1: Called Strike
2-2: Ball
3-2: Base on Balls
Batting: RHB Robert Curry 0-0: Called Strike
Lee Todd is caught stealing 2nd base 2-4
0-1: Swinging Strike
0-2: Ground out 6-3 (Groundball, 6, EV 86.9 MPH)
Top of the 5th over - 0 runs, 0 hits, 0 errors, 0 left on base; Kanata 0 - Truckee 1
BOTTOM OF THE 5TH
Truckee Scrappys batting - Pitching for Kanata Cubs : LHP Hubert Cox
Batting: RHB Tom Wade 0-0: Ball
1-0: DOUBLE (Groundball, 3L, EV 108.1 MPH)
Batting: RHB Ronald Brown 0-0: Ball
1-0: Sac Bunt to 5S - play at first, batter OUT! 5-3
Tom Wade to third
Batting: RHB Xavier Hiatt 0-0: Ground out 6-3 (Groundball, 6, EV 101.9 MPH)
Batting: LHB Vincente Rodríguez 0-0: Foul Ball, location: 5F
0-1: Called Strike
0-2: Ball
1-2: Foul Ball, location: 5DF
1-2: Strikes out swinging
Bottom of the 5th over - 0 runs, 1 hit, 0 errors, 1 left on base; Kanata 0 - Truckee 1
TOP OF THE 6TH
Kanata Cubs batting - Pitching for Truckee Scrappys : RHP Allan O'Hogan
Batting: SHB Bill North 0-0: Ball
1-0: Swinging Strike
1-1: Ball
2-1: Swinging Strike
2-2: Strikes out looking
Batting: LHB Tom Wright 0-0: Swinging Strike
0-1: Ball
1-1: Ground out 5-3 (Groundball, 56, EV 80.0 MPH)
Batting: RHB Michael Walls 0-0: Foul Ball, location: 9LMF
0-1: Swinging Strike
0-2: Ball
1-2: Ball
2-2: Ball
3-2: Foul Ball, location: 3FF
3-2: Ground out 6-3 (Groundball, 56, EV 97.5 MPH)
Top of the 6th over - 0 runs, 0 hits, 0 errors, 0 left on base; Kanata 0 - Truckee 1
BOTTOM OF THE 6TH
Truckee Scrappys batting - Pitching for Kanata Cubs : LHP Hubert Cox
Batting: LHB Bryant Stanford 0-0: Swinging Strike
0-1: Foul Ball, location: 2F
0-2: Strikes out looking
Batting: RHB Lee Sharp 0-0: Ball
1-0: Fly out, F8 (Flyball, 8RD, EV 98.1 MPH)
Batting: SHB António Fernández 0-0: Ground out 5-3 (Groundball, 5, EV 88.1 MPH)
Bottom of the 6th over - 0 runs, 0 hits, 0 errors, 0 left on base; Kanata 0 - Truckee 1
TOP OF THE 7TH
Kanata Cubs batting - Pitching for Truckee Scrappys : RHP Allan O'Hogan
Pitching: LHP Bill MacQuey
Batting: RHB Ray Cooper 0-0: Ball
1-0: SINGLE (Line Drive, 89S, EV 103.1 MPH)
Batting: LHB Ron Hodges 0-0: Called Strike
Ray Cooper is caught stealing 2nd base 2-6
0-1: Ball
1-1: Ball
2-1: Ball
3-1: Foul Ball, location: 2F
3-2: Foul Ball, location: 9LMF
3-2: Base on Balls
Batting: RHB John Morris 0-0: Called Strike
0-1: Ball
1-1: Called Strike
1-2: Ball
2-2: Foul Ball, location: 25FF
2-2: Fly out, F9 (Line Drive, 89M, EV 91.3 MPH)
Pinch Hitting: RHB Nick MacIntyre 0-0: Foul Ball, location: 2F
0-1: Ground out 5-3 (Groundball, 56, EV 101.3 MPH)
Top of the 7th over - 0 runs, 1 hit, 0 errors, 1 left on base; Kanata 0 - Truckee 1
BOTTOM OF THE 7TH
Truckee Scrappys batting - Pitching for Kanata Cubs : LHP Hubert Cox
Now at 1B: Ray Jackson
Batting: RHB Pete Moore 0-0: Ball
1-0: Called Strike
1-1: Called Strike
1-2: Foul Ball, location: 5F
1-2: Ball
2-2: SOLO HOME RUN (Flyball, 78XD, EV 103.1 MPH), Distance : 385 ft
Batting: SHB Theron Jones 0-0: Foul Ball, location: 2LF
0-1: Fly out, F8 (Flyball, 78S, EV 77.5 MPH)
Batting: RHB Tom Wade 0-0: Ball
1-0: Ball
2-0: Fly out, F8 (Flyball, 8RS, EV 88.8 MPH)
Batting: RHB Ronald Brown 0-0: Ball
1-0: Swinging Strike
1-1: Called Strike
1-2: Ball
2-2: Ball
3-2: Strikes out swinging
Bottom of the 7th over - 1 run, 1 hit, 0 errors, 0 left on base; Kanata 0 - Truckee 2
TOP OF THE 8TH
Kanata Cubs batting - Pitching for Truckee Scrappys : LHP Bill MacQuey
Pitching: RHP Alejandro Gonzáles
Batting: RHB Lee Todd 0-0: Called Strike
0-1: Ball
1-1: Called Strike
1-2: Foul Ball, location: 2F
1-2: SINGLE (Flyball, 8RS, EV 88.8 MPH)
Pinch Hitting: SHB Trent Cain 0-0: Ball
1-0: Ball
2-0: Foul Ball, location: 2F
2-1: Called Strike
2-2: Ball
3-2: Foul Ball, location: 2F
3-2: SINGLE (Line Drive, 3D, EV 95.0 MPH)
Lee Todd to second
Lee Todd to third
Pinch Hitting: RHB Greg Wilson 0-0: Called Strike
0-1: Swinging Strike
0-2: Ball
1-2: Ball
2-2: Strikes out swinging
Batting: LHB Tom Wright 0-0: Swinging Strike
0-1: Foul Ball, location: 2F
0-2: Strikes out swinging
Batting: RHB Michael Walls 0-0: Ball
1-0: Fly out, F8 (Line Drive, 8RM, EV 104.4 MPH)
Top of the 8th over - 0 runs, 2 hits, 0 errors, 2 left on base; Kanata 0 - Truckee 2
BOTTOM OF THE 8TH
Truckee Scrappys batting - Pitching for Kanata Cubs : LHP Hubert Cox
Now at SS: Rafael Robles
Now in CF: Scott Reid
Batting: RHB Xavier Hiatt 0-0: Called Strike
0-1: Swinging Strike
0-2: Foul Ball, location: 5DF
0-2: DOUBLE (Groundball, 5L, EV 100.6 MPH)
Batting: LHB Vincente Rodríguez 0-0: Called Strike
0-1: Called Strike
0-2: Foul Ball, location: 2F
0-2: Ball
1-2: Foul Ball, location: 7LSF
1-2: Foul Ball, location: 3SF
1-2: Strikes out swinging
Batting: LHB Bryant Stanford 0-0: Intentional Walk
Batting: RHB Lee Sharp 0-0: Called Strike
0-1: Ball
1-1: Called Strike
1-2: Foul Ball, location: 9LSF
1-2: Strikes out looking
Batting: SHB António Fernández 0-0: Ball
1-0: Ball
2-0: Ball
Wild Pitch!
Xavier Hiatt to third
Bryant Stanford to second
3-0: Called Strike
3-1: Called Strike
3-2: Fly out, F9 (Flyball, 9D, EV 101.9 MPH)
Bottom of the 8th over - 0 runs, 1 hit, 0 errors, 2 left on base; Kanata 0 - Truckee 2
TOP OF THE 9TH
Kanata Cubs batting - Pitching for Truckee Scrappys : RHP Alejandro Gonzáles
Batting: RHB Ray Cooper 0-0: Ball
1-0: Ball
2-0: Swinging Strike
2-1: Ball
3-1: Foul Ball, location: 9LDF
3-2: Foul Ball, location: 3F
3-2: Fly out, F7 (Flyball, 7, EV 90.0 MPH)
Batting: LHB Ron Hodges 0-0: Called Strike
0-1: Ball
1-1: Ball
2-1: Called Strike
2-2: Fly out, F8 (Flyball, 78M, EV 90.0 MPH)
Pitching: LHP Tim Thompson
Batting: RHB John Morris 0-0: Foul Ball, location: 2F
0-1: Ball
1-1: Foul Ball, location: 23F
1-2: Foul Ball, location: 3F
1-2: Ball
2-2: Ground out U3 (Groundball, 34, EV 107.5 MPH)
Top of the 9th over - 0 runs, 0 hits, 0 errors, 0 left on base; Kanata 0 - Truckee 2
Wednesday, April 3rd , 2024 - OOTP Baseball 24.8 Build 75